 Dungeon Crawl Stone Soup version 0.31.0-11-ge490571c62 (webtiles) character file.

Game seed: 11117110736645562596

81 Goblin1989 the Sneak (level 4, -2/35 HPs)
             Began as a Demonspawn Delver on Feb 9, 2024.
             Shot with a sling bullet by a goblin (5 damage)
             ... on level 2 of the Dungeon.
             The game lasted 00:07:37 (603 turns).

Goblin1989 the Sneak (Demonspawn Delver)             Turns: 603, Time: 00:07:38

Health: -2/35      AC:  3    Str: 12    XL:     4   Next: 19%
Magic:  4/4        EV: 12    Int: 11    God:
Gold:   25         SH:  0    Dex: 18    Spells: 3/3 levels left

rFire   . . .        a - +0 short sword
rCold   . . .        (no shield)
rNeg    . . .        h - +0 leather armour {rPois}
rPois   +            (helmet restricted)
rElec   .            (no cloak)
rCorr   .            (no gloves)
SInv    .            (no boots)
Will    .....        (no amulet)
Stlth   ++++         (no ring)
HPRegen 0.25/turn    (no ring)
MPRegen 0.09/turn

%: no passive effects
@: no status effects
A: antennae 1, thin skeletal structure 1, demonic magic 1
a: no special abilities


You were on level 2 of the Dungeon.
You visited 1 branch of the dungeon, and saw 4 of its levels.

You collected 25 gold pieces.

Inventory:

Hand Weapons
 a - a +0 short sword (weapon)
Armour
 h - a +0 leather armour of poison resistance (worn)
Wands
 g - a wand of digging (3) {@v3}
Scrolls
 c - a scroll of fog
 d - a scroll of revelation
 j - a scroll of vulnerability {unknown}
 k - a scroll of blinking {unknown}
Potions
 f - 2 potions of haste {@q3,}
 i - a potion of magic {unknown}


   Skills:
 - Level 3.0 Fighting
 + Level 2.2 Short Blades
 - Level 1.7 Dodging
 - Level 6.0 Stealth


You had 3 spell levels left.
You didn't know any spells.
Your spell library was empty.

Dungeon Overview and Level Annotations

Branches:
Dungeon (5/15) Zot: 23405
 Temple: D:4-7

Altars:
Yredelemnul

Annotations:
D:2 Ijyb
D:3 Jessica, Robin


Innate Abilities, Weirdness & Mutations

You have a pair of small antennae on your head.
You have a somewhat thin skeletal structure. (Dex +2, Stealth+)
Spells you cast may paralyse adjacent enemies.


Message History

No target in view!
No target in view!
No target in view!
No target in view!
No target in view!
No target in view!
No target in view!
No target in view!
No target in view!
No target in view!
No target in view!
No target in view!
No target in view!
No target in view!
No target in view!
No target in view!
j - a scroll labelled YJOPNI QIDOPS You now have 25 gold pieces (gained 7).
k - a scroll labelled POHOOPPUON A goblin comes into view.
It is wielding a +0 dagger. 3 goblins come into view.
The goblin shouts! x2
A goblin comes into view. It is wielding a +0 club. x2
The goblin shouts!
You hear a shout!
Ijyb the Twisted Goblin comes into view.
She is wielding a +0 club and carrying a wand of mindburst.
The goblin shouts!
Found a ring mail and a pair of glowing gloves.
You hit the goblin.
You kill the goblin!
The goblin hits you with a +0 dagger.
You hit the goblin.
You kill the goblin!
You take 3 damage, and have 32/35 hp.
You barely miss the goblin. The goblin hits you but does no damage.
The goblin misses you.
You closely miss the goblin.
Ijyb zaps a wand.
Your mind is blasted!
The goblin barely misses you. The goblin completely misses you.
You are too injured to fight recklessly!
You are too injured to fight recklessly!
You take 12 damage, and have 20/35 hp.
MASSIVE DAMAGE!!
You are too injured to fight recklessly!
You are too injured to fight recklessly!
You are too injured to fight recklessly!
You are too injured to fight recklessly!
You are too injured to fight recklessly!
You are too injured to fight recklessly!
You are too injured to fight recklessly!
The goblin unwields a +0 club.
The goblin wields a +0 sling.
The goblin shoots a sling bullet.
The sling bullet hits you.
* * * LOW HITPOINT WARNING * * *
The goblin attacks as it pursues you! The goblin hits you but does no damage.
You take 5 damage, and have 15/35 hp.
The goblin attacks as it pursues you! The goblin hits you with a +0 dagger.
* * * LOW HITPOINT WARNING * * *
You take 3 damage, and have 12/35 hp.
The goblin attacks as it pursues you! The goblin hits you with a +0 dagger.
* * * LOW HITPOINT WARNING * * *
You hit the goblin.
The goblin is moderately wounded.
The goblin closely misses you.
You hit the goblin.
You kill the goblin!
You hit the goblin but do no damage. The goblin hits you with a +0 dagger.
* * * LOW HITPOINT WARNING * * *
You barely miss the goblin. You hit Ijyb but do no damage.
You completely miss Ijyb. Ijyb barely misses you.
You closely miss Ijyb. Ijyb closely misses you.
You barely miss Ijyb. You hit Ijyb.
Ijyb is moderately wounded.
Ijyb zaps a wand.
Your mind is blasted!
* * * LOW HITPOINT WARNING * * *
You take 10 damage, and have 3/35 hp.
MASSIVE DAMAGE!!
Press: ? - help, v - describe, . - travel, g - get item
Here: Ijyb, wielding a +0 club, wearing a +0 leather armour and carrying a wand of mindburst (moderately wounded)
Items here: a +0 dagger; a goblin corpse.
The floor, spattered with blood.
Unknown command.
As you read the scroll of fear, it crumbles to dust.
You assume a fearsome visage.
Ijyb looks frightened!
The goblin looks frightened! x2
A goblin comes into view. It is wielding a +0 dagger.
The goblin barely misses you.
You closely miss the goblin. The goblin hits you with a +0 dagger.
* * * LOW HITPOINT WARNING * * *
You take 2 damage, and have 2/35 hp.
The goblin misses you.
You barely miss the goblin. The goblin barely misses you.
You completely miss the goblin. The goblin closely misses you.
You barely miss the goblin. The goblin closely misses you.
You barely miss the goblin. The goblin hits you with a +0 dagger.
* * * LOW HITPOINT WARNING * * *
You take 1 damage, and have 2/35 hp.
You barely miss the goblin. The goblin closely misses you.
The goblin unwields a +0 dagger.
The goblin wields a +0 sling.
The goblin shoots a sling bullet.
The sling bullet misses you.
The goblin shoots a sling bullet.
The sling bullet barely misses you.
The goblin shoots a sling bullet.
The sling bullet hits you.
You die...

.........█........
.........█........
.........█........ █
.........█........ █.
███████∆██........ .██.███
█................. .....█
█.........█████...
█.█.███.........██████
█>......@............████
█........................
███████.......███.███████.███
..............█ █.█ █....
██████g......█ █.█ █..██
█..[.[..█.......█ █.█ ██.██
█8.....8█..(....█ █..█
█.......█g......█ ██████..█
█8.....8█.█▲█████ .........


You could see 2 goblins.

Vanquished Creatures
  A bombardier beetle (D:4)
  A hound zombie (D:4)
  An adder (D:2)
  An adder zombie (D:4)
  2 orcs (D:5)
  A ball python (D:2)
  5 goblins (D:2)
  A quokka (D:4)
  A rat (D:3)
14 creatures vanquished.

Notes
Turn   | Place    | Note
-------+----------+-------------------------------------------
     0 | D:5      | Goblin1989 the Demonspawn Delver began the quest for the
                  | Orb.
     0 | D:5      | Reached XP level 1. HP: 18/18 MP: 1/1
     5 | D:5      | Noticed an iguana
    82 | D:5      | Noticed an orc priest
   133 | D:4      | Noticed a bombardier beetle
   155 | D:4      | Killed a bombardier beetle
   156 | D:4      | Reached skill level 5 in Stealth
   156 | D:4      | Gained mutation: Spells you cast may paralyse adjacent
                  | enemies. [demonic ancestry]
   156 | D:4      | Reached XP level 2. HP: 21/24 MP: 2/2
   156 | D:4      | Gained mutation: You have a somewhat thin skeletal
                  | structure. (Dex +2, Stealth+) [demonic ancestry]
   156 | D:4      | Reached XP level 3. HP: 26/29 MP: 3/3
   246 | D:4      | Found a basalt altar of Yredelemnul.
   296 | D:3      | Reached skill level 6 in Stealth
   320 | D:3      | Noticed Robin
   351 | D:3      | Noticed Jessica
   471 | D:2      | Gained mutation: You have a pair of small antennae on your
                  | head. [demonic ancestry]
   471 | D:2      | Reached XP level 4. HP: 22/35 MP: 4/4
   566 | D:2      | Noticed Ijyb
   603 | D:2      | Shot with a sling bullet by a goblin

Illustrated notes

Levels and vault maps discovered:
D:2:      kennysheep_the_goblin_king, layout_basic
D:3:      layout_rooms, uniq_robin, uniq_jessica
D:4:      layout_cave_pods, lemuel_zombie_altar_yredelemnul
D:5:      layout_basic, nicolae_overflow_squiral, old_standard_altar,
          serial_shops, kennysheep_mini_moat, minmay_door_square

Skill      XL: |  1  2  3 |
---------------+----------+-----
Stealth        | 5 6 |  6.0
Short Blades   | 2 |  2.2
Fighting       | |  3.0
Dodging        | |  1.7

Action                     |  1- 3 |  4- 6 || total
---------------------------+-------+-------++-------
  Melee: Short sword       |    72 |    20 ||    92
    Use: Scroll            |       |     1 ||     1
   Stab: Sleeping          |     2 |     1 ||     3
 Armour: Leather armour    |    44 |    10 ||    54
  Dodge: Dodged            |    40 |    14 ||    54
